 Dungeon Crawl Stone Soup version 0.28.0 (webtiles) character file.

Game seed: 5017264433540209228

16320 Karpo the Unseen (level 12, -13/61 HPs)
             Began as a Spriggan Enchanter on Feb 15, 2022.
             Was a Believer of Kikubaaqudgha.
             Killed by the air
             ... invoked by Gastronok
              (31 damage)
             ... on level 10 of the Dungeon on Feb 16, 2022.
             The game lasted 00:59:07 (16167 turns).

Karpo the Unseen (Spriggan Enchanter)              Turns: 16167, Time: 00:59:07

Health: -13/61     AC:  8    Str:  8    XL:     12   Next: 9%
Magic:  20/22      EV: 27    Int: 26    God:    Kikubaaqudgha [**....]
Gold:   732        SH:  5    Dex: 19    Spells: 14/23 levels left

rFire   + . .      SeeInvis +   N - +2 dagger (pain)
rCold   . . .      Faith    .   (no shield)
rNeg    . . .      Spirit   .   H - +4 robe of Augmentation {Str+4 Int+4 Dex+4}
rPois   .          Reflect  +   (helmet restricted)
rElec   .          Harm     .   A - +1 cloak
rCorr   .          Rampage  .   (gloves unavailable)
Will    ++...                   (boots unavailable)
Stlth   ++++++....              L - amulet of reflection
HPRegen 0.20/turn               d - ring of protection from fire
MPRegen 0.18/turn               (no ring)

@: very quick
A: very small, no large weapons, unfitting armour, see invisible, speed 3
a: Renounce Religion, Receive Corpses


You were on level 10 of the Dungeon.
You worshipped Kikubaaqudgha.
Kikubaaqudgha was pleased with you.
You visited 2 branches of the dungeon, and saw 11 of its levels.

You collected 732 gold pieces.

Inventory:

Hand Weapons
 a - a +2 dagger of freezing
 v - a +1 whip of venom
 y - a +1 whip of flaming
 F - a +1 short sword of flaming
 N - a +2 dagger of pain (weapon)
 P - a +4 spear of venom
Missiles
 t - 7 throwing nets
 u - 7 poisoned darts (quivered)
Armour
 s - a +1 robe of willpower
 A - a +1 cloak (worn)
 E - a +0 cloak of willpower
 H - the +4 robe of Augmentation (worn) {Str+4 Int+4 Dex+4}
   (You took it off a wight on level 8 of the Dungeon)

   Str:       It affects your strength (+4).
   Int:       It affects your intelligence (+4).
   Dex:       It affects your dexterity (+4).
 O - +0 acid dragon scales
Magical Staves
 b - a staff of death
 I - a staff of fire
 K - a staff of cold
Jewellery
 d - a ring of protection from fire (left hand)
 L - an amulet of reflection (around neck)
 M - an amulet of faith
 Q - an amulet of guardian spirit
Wands
 i - a wand of acid (6)
 q - a wand of iceblast (18)
 z - a wand of polymorph (8)
 D - a wand of paralysis (4)
 G - a wand of flame (25)
Scrolls
 f - 3 scrolls of teleportation
 g - 4 scrolls of identify
 w - a scroll of enchant weapon
 C - a scroll of amnesia
Potions
 c - a potion of invisibility
 e - 2 potions of heal wounds
 h - 2 potions of lignification
 j - a potion of resistance
 k - a potion of attraction {unknown}
 l - 4 potions of curing {unknown}
 m - a potion of cancellation {unknown}
 n - a potion of experience {unknown}
 o - a potion of mutation {unknown}
 p - 3 potions of haste {unknown}
 r - a potion of might
 x - 2 potions of flight {unknown}
 B - a potion of degeneration {unknown}
 J - a potion of berserk rage {unknown}


   Skills:
 - Level 6.0 Fighting
 - Level 10.0 Short Blades
 + Level 13.0 Dodging
 - Level 15.0 Stealth
 - Level 6.0 Spellcasting
 - Level 10.0 Hexes


You had 14 spell levels left.
You knew the following spells:

 Your Spells              Type           Power      Damage    Failure   Level
a - Confusing Touch       Hex            56%        N/A       1%          3
b - Dazzling Flash        Conj/Hex       66%        N/A       2%          3
c - Animate Skeleton      Necr           14%        N/A       7%          1
z - Ensorcelled Hibernat  Hex/Ice        66%        N/A       1%          2

Your spell library contained the following spells:

 Spells                   Type           Power      Damage    Failure   Level
 Tukima's Dance           Hex            56%        N/A       1%          3
 Summon Guardian Golem    Hex/Summ       33%        N/A       2%          3
 Pain                     Necr           28%        1d5       7%          1
 Summon Small Mammal      Summ           28%        N/A       7%          1
 Fulminant Prism          Conj/Hex       16%        3d11      9%          4
 Scorch                   Fire           14%        2d6       11%         2
 Static Discharge         Conj/Air       7%         N/A       11%         2
 Sublimation of Blood     Necr           7%         N/A       11%         2
 Wereblood                Tmut           7%         N/A       11%         2
 Call Canine Familiar     Summ           7%         N/A       21%         3
 Gell's Gravitas          Tloc           7%         N/A       21%         3
 Teleport Other           Tloc           7%         N/A       21%         3
 Vampiric Draining        Necr           7%         2d6       21%         3
 Metabolic Englaciation   Hex/Ice        16%        N/A       24%         5
 Animate Armour           Summ/Erth      14%        N/A       56%         4
 Dispel Undead            Necr           7%         3d8       56%         4
 Flame Wave               Conj/Fire      7%         2d5       56%         4
 Iskenderun's Mystic Bla  Conj/Tloc      7%         2d4       56%         4
 Petrify                  Tmut/Erth      7%         N/A       56%         4
 Sticky Flame             Conj/Fire      7%         2d3       56%         4
 Agony                    Necr           7%         N/A       88%         5
 Blade Hands              Tmut           3%         N/A       88%         5
 Irradiate                Conj/Tmut      3%         3d14      88%         5
 Lee's Rapid Deconstruct  Erth           3%         3d6*      88%         5
 Dispersal                Tloc           3%         N/A       100%        6
 Iron Shot                Conj/Erth      3%         9d2       100%        6
 Statue Form              Tmut/Erth      4%         N/A       100%        6
 Summon Cactus Giant      Summ           3%         N/A       100%        6
 Dragon Form              Tmut           3%         N/A       100%        7
 Summon Hydra             Summ           3%         N/A       100%        7


Dungeon Overview and Level Annotations

Branches:
Dungeon (10/15)            Temple (1/1) D:6
   Lair: D:8-11         Orc: D:9-12

Altars:
Ashenzari
Dithmenos
Elyvilon
Fedhas
Gozag
Hepliaklqana
Kikubaaqudgha
Makhleb
Nemelex Xobeh
Okawaru
Qazlal
Ru
Sif Muna
Trog
Uskayaw
Vehumet
Wu Jian
Xom
Yredelemnul
Zin
The Shining One

Shops:
D:8 *

Annotations:
D:7 3 runed translucent doors, Colgate's ghost, novice FeSu
D:8 2 transporters, solaroid's ghost, novice KoHu
D:9 2 transporters, fly's ghost, journeyman FoDe
D:10 Gastronok


Innate Abilities, Weirdness & Mutations

You are very small and have problems with some larger weapons.
You are too small for most types of armour.
You have supernaturally acute eyesight. (SInv)
You cover ground extremely quickly. (Speed+++)


Message History

You start memorising the spell.
You continue memorising.
You finish memorising.
Spell assigned to 'c'.
Gastronok waves his eye-stalks in wide circles.
The air twists around and strikes you!!
* * * LOW HITPOINT WARNING * * *
Your hands stop glowing.
Found a potion of resistance.
Casting: Confusing Touch (safe; 1% risk of failure)
Confirm with . or Enter, or press ? or * to list all spells.
You attempt to give life to the dead...
Before your eyes, flesh is ripped from the corpse!
The dead are walking!
What are your orders? t - Shout!
Orders for allies: a - Attack new target. p - Attack previous target. r - Retreat! s - Stop attacking. g - Guard the area. f - Follow me.
Anything else - Cancel.
Gang up on whom?
Press: ? - help, Dir - move target, f/p - Gastronok
Aim: Gastronok, wearing a +0 hat (wandering, hasn't noticed you) Attack!
What are your orders? t - Shout!
Orders for allies: a - Attack new target. p - Attack previous target. r - Retreat! s - Stop attacking. g - Guard the area. f - Follow me.
Anything else - Cancel.
Gang up on whom?
Press: ? - help, Dir - move target, f/p - Gastronok
Aim: Gastronok, wearing a +0 hat (wandering, hasn't noticed you) Attack!
You swap places.
Your ogre mage skeleton hits Gastronok with a +0 whip!
Your ogre mage skeleton completely misses Gastronok.
Gastronok waves his eye-stalks in wide circles.
The air twists around and strikes you!!
Ouch! That really hurt!
You die...
Kikubaaqudgha rasps: "You have failed me!
Welcome... death!"

###...... #.......!
#.#[.... #..... #####..#
##########.....##
#.......#..#.#..##
#.#.#####.#.##.##..# #.#.#
#..@.###w.### # #.#.#
#.....#..##.# .#
#.#.#####.#..###..#.#..#
#.#.##......##†##.....#
#.#..#.##.#..#.#.....##
#.##.#.....#Z........#
#.##.#######w........#
#......#.............#
########.#.#.####........#


You could see Gastronok (ally target) and a friendly ogre mage skeleton.

Vanquished Creatures
  Snorg (D:10)
  Harold (D:8)
  A boulder beetle (D:9)
  2 hydras
  A catoblepas (D:9)
  An ogre mage (D:10)
  4 two-headed ogres
  4 tengu warriors
  Pikel (D:6)
  Joseph (D:7)
  Maurice (D:8)
  A troll (D:10)
  A hornet (D:5)
  2 slime creatures (D:9)
  A vampire (D:10)
  A wraith (D:6)
  Sigmund (D:3)
  A wyvern (D:10)
  Grum (D:8)
  A vampire mosquito (D:10)
  An acid dragon (D:10)
  3 water moccasins
  5 orc warriors
  A black bear (D:5)
  4 ogres
  2 necrophages
  3 centaurs
  3 wolves (D:8)
  2 kobold brigands
  An elf zombie (D:5)
  2 bullfrogs
  A wyvern zombie (D:7)
  A gnoll sergeant (D:10)
  A scorpion (D:5)
  3 elf skeletons (D:5)
  4 killer bees (D:5)
  5 howler monkeys (D:8)
  8 wights
  A bullfrog zombie (D:6)
  5 hounds
  3 centaur zombies
  5 orc priests
  A jelly (D:3)
  Crazy Yiuf (D:7)
  2 gnoll shamans
  A bullfrog skeleton (D:7)
  4 iguanas
  Jessica (D:3)
  Ijyb (D:3)
  2 human skeletons (D:5)
  10 orc wizards
  A centaur simulacrum (D:9)
  A hound skeleton (D:4)
  Robin (D:3)
  16 gnolls
  A howler monkey skeleton (D:4)
  4 adders
  A shadow imp (D:7)
  An ufetubus (D:4)
  A worm (D:2)
  7 dart slugs
  28 orcs
  4 bats
  6 endoplasms
  2 giant cockroaches
  15 goblins
  7 hobgoblins
  20 jackals
  18 kobolds
  5 quokkas
  12 ball pythons
  5 frilled lizards
  7 rats
278 creatures vanquished.

Notes
Turn   | Place    | Note
-------+----------+-------------------------------------------
     0 | D:1      | Karpo the Spriggan Enchanter began the quest for the Orb.
     0 | D:1      | Reached XP level 1. HP: 9/9 MP: 5/5
   200 | D:1      | Reached skill level 5 in Stealth
   347 | D:1      | Reached XP level 2. HP: 13/13 MP: 6/6
   350 | D:1      | Learned a level 2 spell: Ensorcelled Hibernation
   416 | D:1      | Found a faded altar of an unknown god.
   712 | D:1      | Reached skill level 6 in Stealth
   935 | D:1      | Reached XP level 3. HP: 15/16 MP: 5/8
   939 | D:1      | Learned a level 3 spell: Confusing Touch
  1721 | D:2      | Reached skill level 7 in Stealth
  1895 | D:2      | Reached XP level 4. HP: 10/21 MP: 9/9
  2045 | D:2      | Learned a level 3 spell: Dazzling Flash
  2336 | D:2      | HP: 1/21 [quokka (1)]
  2846 | D:3      | Noticed Robin
  2923 | D:3      | Found a burning altar of Makhleb.
  2925 | D:3      | Noticed Ijyb
  2946 | D:3      | Identified the +6 ring mail "Deeged" {Rampage rC- rN+}
  3080 | D:3      | Killed Ijyb
  3110 | D:3      | Reached XP level 5. HP: 24/24 MP: 7/10
  3138 | D:3      | Noticed Jessica
  3145 | D:3      | Killed Jessica
  3146 | D:3      | Reached skill level 8 in Stealth
  3262 | D:3      | Found a sacrificial altar of Ru.
  3271 | D:3      | Noticed Sigmund
  3292 | D:3      | Killed Sigmund
  3293 | D:3      | Reached skill level 5 in Short Blades
  3293 | D:3      | Reached XP level 6. HP: 18/28 MP: 8/11
  3620 | D:3      | Killed Robin
  5151 | D:4      | Found a hide-covered altar of Uskayaw.
  5151 | D:4      | Noticed a +0 falchion
  5151 | D:4      | Noticed a +0 spear
  5151 | D:4      | Noticed a +0 spear
  5152 | D:4      | Noticed a +0 dagger
  5153 | D:4      | Noticed a +0 dagger
  5153 | D:4      | Noticed a +0 short sword
  5153 | D:4      | Noticed a +0 falchion
  5154 | D:4      | Noticed a +0 short sword
  5268 | D:4      | Reached skill level 5 in Hexes
  5450 | D:4      | Reached XP level 7. HP: 32/32 MP: 14/14
  5836 | D:5      | Entered Level 5 of the Dungeon
  7015 | D:5      | Reached skill level 1 in Fighting
  7015 | D:5      | Reached XP level 8. HP: 31/37 MP: 11/15
  7300 | D:5      | Noticed a hornet
  7312 | D:5      | Killed a hornet
  7505 | D:5      | Found a shimmering altar of Xom.
  7508 | D:5      | Found a shimmering altar of Xom.
  7520 | D:5      | Found a shimmering altar of Xom.
  7520 | D:5      | Found a shimmering altar of Xom.
  7802 | D:6      | Noticed Pikel
  8147 | D:6      | Reached skill level 9 in Stealth
  8147 | D:6      | Reached XP level 9. HP: 27/44 MP: 14/16
  8389 | D:6      | Found a staircase to the Ecumenical Temple.
  8402 | Temple   | Entered the Ecumenical Temple
  8776 | D:6      | Killed Pikel
  8777 | D:6      | Reached skill level 10 in Stealth
  8907 | D:6      | Reached skill level 11 in Stealth
  9715 | D:6      | Noticed a two-headed ogre
  9718 | D:6      | Killed a two-headed ogre
  9719 | D:6      | Reached skill level 12 in Stealth
 10147 | D:7      | Found a shadowy altar of Dithmenos.
 10235 | D:7      | Found a runed translucent door.
 10236 | D:7      | Noticed Crazy Yiuf
 10241 | D:7      | Killed Crazy Yiuf
 10305 | D:7      | Found a runed translucent gate.
 10314 | D:8      | Reached XP level 10. HP: 49/49 MP: 17/17
 10322 | D:7      | Found a runed translucent gate.
 10323 | D:7      | Found a runed translucent gate.
 10420 | D:7      | Noticed Colgate's ghost (novice FeSu)
 10471 | D:7      | Found a glowing silver altar of Zin.
 10593 | D:7      | Found an ancient bone altar of Kikubaaqudgha.
 10599 | D:7      | Became a worshipper of Kikubaaqudgha
 10692 | D:7      | Noticed Joseph
 11031 | D:7      | Killed Joseph
 11032 | D:7      | Reached skill level 5 in Spellcasting
 11295 | D:8      | Found Doypew's General Store.
 11360 | D:8      | Noticed Maurice
 11496 | D:8      | Killed Maurice
 11607 | D:8      | Noticed solaroid's ghost (novice KoHu)
 11623 | D:8      | Noticed Grum
 11624 | D:8      | Found a transporter.
 11684 | D:8      | Found a transporter.
 11708 | D:8      | Killed Grum
 11999 | D:8      | Noticed Harold
 12002 | D:8      | Killed Harold
 12152 | D:8      | Noticed a two-headed ogre
 12158 | D:8      | Killed a two-headed ogre
 12422 | D:9      | Reached skill level 10 in Hexes
 12498 | D:8      | Reached skill level 5 in Fighting
 12693 | D:9      | Found a blossoming altar of Fedhas.
 12745 | D:9      | Reached * piety under Kikubaaqudgha
 12745 | D:9      | Received a gift from Kikubaaqudgha
 12796 | D:9      | Found an ornate altar of the Wu Jian Council.
 12833 | D:10     | Entered Level 10 of the Dungeon
 12892 | D:9      | Noticed a tengu warrior
 12897 | D:9      | Noticed fly's ghost (journeyman FoDe)
 12904 | D:9      | Found a transporter.
 12907 | D:9      | Noticed a two-headed ogre
 12909 | D:9      | Found a bloodstained altar of Trog.
 12915 | D:9      | Noticed a tengu warrior
 13363 | D:8      | Killed a tengu warrior
 13364 | D:8      | Reached skill level 10 in Short Blades
 13364 | D:8      | Reached XP level 11. HP: 27/56 MP: 16/21
 13802 | D:9      | Noticed a catoblepas
 13815 | D:9      | Noticed a boulder beetle
 13820 | D:9      | Killed a catoblepas
 13833 | D:9      | Killed a boulder beetle
 13886 | D:9      | Noticed an eight-headed hydra
 13918 | D:9      | Noticed a two-headed ogre
 14098 | D:9      | Killed a two-headed ogre
 14099 | D:9      | Reached skill level 13 in Stealth
 14173 | D:9      | Noticed a tengu warrior
 14181 | D:9      | Killed a tengu warrior
 14214 | D:9      | Found a transporter.
 14583 | D:9      | Killed an eight-headed hydra
 14584 | D:9      | Reached skill level 10 in Dodging
 14856 | D:9      | Noticed a tengu warrior
 14864 | D:9      | Killed a tengu warrior
 14865 | D:9      | Reached skill level 14 in Stealth
 15214 | D:9      | Noticed a tengu warrior
 15219 | D:9      | Killed a tengu warrior
 15386 | D:10     | Found a basalt altar of Yredelemnul.
 15387 | D:10     | Noticed a six-headed hydra
 15402 | D:10     | Killed a six-headed hydra
 15403 | D:10     | Reached skill level 15 in Stealth
 15440 | D:10     | Found a bloodstained altar of Trog.
 15485 | D:10     | Found a broken altar of Ashenzari.
 15486 | D:10     | Noticed Snorg
 15493 | D:10     | Killed Snorg
 15691 | D:10     | Noticed a two-headed ogre
 15707 | D:10     | Killed a two-headed ogre
 15875 | D:10     | Reached ** piety under Kikubaaqudgha
 15876 | D:10     | Reached XP level 12. HP: 50/61 MP: 19/22
 16083 | D:10     | Noticed Gastronok
 16083 | D:10     | Noticed an ogre mage
 16103 | D:10     | Killed an ogre mage
 16113 | D:10     | Learned a level 1 spell: Animate Skeleton
 16167 | D:10     | Killed from afar by Gastronok

Illustrated notes

Levels and vault maps discovered:
D:1:      dpeg_arrival_stonehenge_8_columns, layout_basic,
          basic_ecumenical_altar
D:2:      layout_rooms, minmay_pentomino_x2
D:3:      layout_rooms, nicolae_ru_awakened_eye,
          mainiacjoe_overflow_concentric_impassable, uniq_sigmund, uniq_robin,
          uniq_jessica, uniq_ijyb
D:4:      layout_basic, nicolae_uskayaw_en_pointe, minmay_starry_boxes
D:5:      layout_rooms, xom_redecorated, nicolae_ossuary_entry_catacombs
D:6:      layout_cave_pods, minmay_temple_entry_slanted, minivault_5,
          minmay_small_thing, uniq_pikel
D:7:      layout_loops_ring, zin_scriptorium, grunt_dithmenos_smoke_and_mirrors,
          kiku_gazebo_garden_becter, gammafunk_ghost_icy,
          kennysheep_generic_room_10, uniq_joseph, uniq_crazy_yiuf_cottage
D:8:      layout_loops_ring, gammafunk_ghost_hive, serial_shops, shop,
          uniq_grum, uniq_maurice, uniq_harold
D:9:      layout_gridville, mainiacjoe_overflow_boulevard,
          nicolae_wu_jian_wuxing_cycle, gammafunk_ghost_wrathful_warriors,
          minivault_28
D:10:     layout_basic, lemuel_round_altar, marbit_many_paths,
          jmf_multi_god_temple, minmay_between, uniq_gastronok, uniq_snorg
Temple:   dpeg_three_leaves_temple

Skill      XL: |  1  2  3  4  5  6  7  8  9 10 11 12 |
---------------+-------------------------------------+-----
Stealth        | 5 6 7 8 9 12 15 | 15.0
Short Blades   | 3 5 8 10 | 10.0
Spellcasting   | 3 4 6 |  6.0
Hexes          | 5 8 10 | 10.0
Dodging        | 3 8 12 13 | 13.0
Fighting       | 1 3 5 6 |  6.0

Action                   |  1- 3 |  4- 6 |  7- 9 | 10-12 || total
-------------------------+-------+-------+-------+-------++-------
Melee: Dagger            |   163 |   292 |   229 |   387 ||  1071
       Punch             |     2 |     2 |     7 |     8 ||    19
 Cast: Ensorcelled Hiber |    12 |    20 |    53 |    73 ||   158
       Confusing Touch   |       |     2 |     5 |    10 ||    17
       Dazzling Flash    |       |       |     2 |     3 ||     5
       Animate Skeleton  |       |       |       |     1 ||     1
  Use: Scroll            |       |     8 |       |     8 ||    16
       Potion            |       |     1 |       |       ||     1
 Stab: Sleeping          |    18 |    33 |    43 |    51 ||   145
       Confused          |       |     2 |     9 |     9 ||    20
       Distracted        |       |     4 |     2 |     4 ||    10
       Invisible         |       |       |     1 |     2 ||     3
       Petrified         |       |       |       |     2 ||     2
Armor: Robe              |    13 |    24 |    14 |    34 ||    85
Dodge: Dodged            |   127 |   208 |   154 |   256 ||   745
Block: Other             |       |       |       |    39 ||    39
       Reflection        |       |       |       |     1 ||     1
